AoeStats
← BN27

Arabia

510718737Analyzed
1v1 RM · 15h ago on Oct 2, 2026· 36m 41s· 2 players
Game mode
Random Map
Map size
Tiny (2 player)
Population
200
Speed
Normal
Resources
Standard
Victory
Conquest
Starting age
Dark Age
Ending age
Imperial Age
RankedLock teamsTeams togetherTeam positionsShared explorationLock speedFull tech treeHidden civsTurbo modeCheats
Victory
Defeat
🇩🇪 Wei · Germany
2084
+4
🇩🇪 Danes · Germany
1722
-4
BN27
9:39 Feudal Age
7:55 Loom
10:23 Man-at-Arms
12:18 Double-Bit Axe
13:33 Horse Collar
19:09 Town Watch
21:56 Castle Age
20:18 Padded Archer Armor
21:14 Fletching
21:33 Gold Mining
23:26 Wheelbarrow
23:03 Bow Saw
22:51 Bodkin Arrow
23:52 Elite Skirmisher
26:51 Leather Archer Armor
28:38 Hand Cart
30:27 Heavy Plow
30:33 Gold Mining
30:53 Squires
30:39 Arson
30:19 Pikeman
33:37 Scale Mail Armor
33:47 Forging
33:32 Hamask
Andi
7:05 Loom
9:21 Feudal Age
9:51 Double-Bit Axe
9:48 Horse Collar
16:34 Wheelbarrow
16:35 Fletching
21:54 Castle Age
20:41 Bloodlines
20:48 Gold Mining
20:51 Stone Mining
22:05 Padded Archer Armor
22:49 Bow Saw
22:45 Heavy Plow
22:45 Bodkin Arrow
24:57 Scale Barding Armor
25:53 Husbandry
28:42 Crossbowman
31:02 Hand Cart
31:41 Chain Barding Armor
33:21 Town Watch
34:31 Stone Shaft Mining
34:31 Gold Shaft Mining
36:27 Imperial Age
34:58 Forging
35:03 Leather Archer Armor
36:30 Ballistics
36:20 Masonry
37:22 Fervor
Connection lost

Rejoining the realm…

Still unreachable

The connection could not be restored.

Session expired

The server has moved on; the page needs a fresh start.